 Dungeon Crawl Stone Soup version 0.21.1-1-g345015fe64 (webtiles) character file.

3376 KleinerIrrer the Cleaver (level 9, -5/79 HPs)
             Began as a Purple Draconian Transmuter on Apr 4, 2018.
             Was a Follower of Cheibriados.
             Slain by a hog (9 damage)
             ... on level 7 of the Dungeon.
             The game lasted 00:03:58 (11138 turns).

KleinerIrrer the Cleaver (DrTm)                    Turns: 11138, Time: 00:03:58

Health: -5/79      AC: 12    Str: 16    XL:     9   Next: 74%
Magic:  12/12      EV: 12    Int: 17    God:    Cheibriados [*.....]
Gold:   467        SH: 10    Dex: 17    Spells: 11/12 levels left

rFire    . . .     SeeInvis +   a - +1 hand axe (flame)
rCold    . . .     Gourm    .   c - +0 shield
rNeg     . . .     Faith    .   (armour unavailable)
rPois    .         Spirit   .   m - +2 hat
rElec    .         Reflect  .   (no cloak)
rCorr    +         Harm     .   g - +2 pair of gloves
MR       +....                  (no boots)
Stlth    ++........             (no amulet)
HPRegen  0.23/turn              k - ring of see invisible
MPRegen  0.13/turn              i - ring of resist corrosion

@: very slow
A: breathe power, unfitting armour, cold-blooded, AC +7
a: Breathe Dispelling Energy, Bend Time, Renounce Religion


You were on level 7 of the Dungeon.
You worshipped Cheibriados.
Cheibriados was aware of your devotion.
You were not hungry.

You visited 2 branches of the dungeon, and saw 8 of its levels.

You collected 467 gold pieces.


Innate Abilities, Weirdness & Mutations

You can breathe bolts of dispelling energy.
Your rich purple scales are hard. (AC +7)
You cannot fit into any form of body armour.
You are cold-blooded and may be slowed by cold attacks.


   Skills:
 - Level 7.0 Fighting
 - Level 10.0 Axes
 + Level 3.2 Dodging
 - Level 6.1 Shields
 - Level 3.0 Unarmed Combat
 - Level 2.4 Spellcasting
 - Level 2.0 Transmutations


You had 11 spell levels left.
You knew the following spells:

 Your Spells              Type           Power        Failure   Level  Hunger
a - Beastly Appendage     Tmut           #.....       26%         1    #......

Inventory:

Hand Weapons
 a - a +1 hand axe of flaming (weapon)
Missiles
 p - 45 arrows
Armour
 c - a +0 shield (worn)
 g - a +2 pair of gloves (worn)
 m - a +2 hat (worn)
Jewellery
 i - a ring of resist corrosion (right hand)
 k - a ring of see invisible (left hand)
Wands
 o - a wand of iceblast (9)
Scrolls
 d - 4 scrolls of identify
 f - 8 scrolls of remove curse
 n - a scroll of enchant armour
Potions
 h - 5 potions of curing
 j - a potion of mutation
 l - a potion of resistance
Books
 b - a book of Changes

   Spells                             Type                      Level
   a - Beastly Appendage              Transmutation                1
   b - Sticks to Snakes               Transmutation                2
   c - Spider Form                    Transmutation/Poison         3
   d - Ice Form                       Ice/Transmutation            4
   e - Blade Hands                    Transmutation                5
Comestibles
 e - 13 rations

Dungeon Overview and Level Annotations

Branches:
Dungeon (7/15)             Temple (1/1) D:6

Altars:
Ashenzari
Cheibriados
Dithmenos
Elyvilon
Fedhas
Gozag
Hepliaklqana
Kikubaaqudgha
Makhleb
Nemelex Xobeh
Okawaru
Qazlal
Ru
Sif Muna
Trog
Uskayaw
Vehumet
Wu Jian
Xom
Zin
The Shining One

Shops:
D:4 (


Message History

You hit the hog. You burn the hog. You block the hog's attack.
You hit the hog. You burn the hog.
The hog is severely wounded.
You hit the hog. You burn the hog. The hog bites you! The hog misses you.
You completely miss the hog.
The hog is severely wounded.
You hit the hog. You burn the hog. The hog bites you but does no damage.
The hog misses you.
You barely miss the hog.
The hog is severely wounded.
You hit the hog but do no damage. The hog bites you.
You block the hog's attack.
You hit the hog. You burn the hog.
The hog is severely wounded.
You hit the hog. You burn the hog. The hog bites you but does no damage.
The hog misses you. The hog completely misses you. The hog bites you!
You die...

.#
#........+....(....'..........
.#
###....###.........####.......
.# ##........######## ##.##.##
.######.#.######%%#..# #..#)##
........#.# #%.#..# #....##
#########.# #..'..# #..####
#.# #p.#..# #..# # ####.####
#hh#..# #. # #.......###@###
#. . #.##.##.##....## #
#.##.##.##.....#
#.##.##.###...##
#.##.........#######
#.#####.####........ #.......#
######### #########


You could see 2 hogs and a human.

Vanquished Creatures
  Grinder (D:3)
  A hippogriff (D:7)
  A yak (D:7)
  A hog (D:7)
  Menkaure (D:6)
  A sky beast (D:6)
  2 ogres (D:6)
  2 phantoms (D:6)
  The ghost of BrokenGlass the Skirmisher, an amateur OpMo (D:4)
  3 centaurs
  An elf zombie (D:4)
  2 big kobolds (D:6)
  5 bullfrogs
  2 scorpions
  3 bullfrog zombies
  A centaur zombie (D:5)
  A crimson imp (D:7)
  4 hounds
  A bullfrog skeleton (D:7)
  A jelly (D:6)
  2 orc wizards
  6 orc priests
  3 centaur skeletons
  4 human skeletons (D:4)
  7 worker ants
  A hound zombie (D:5)
  2 worker ant zombies (D:5)
  6 gnolls
  7 adders
  An ooze (D:3)
  2 adder skeletons
  3 dart slugs
  4 leopard geckos
  26 orcs
  A ball python (D:2)
  3 giant cockroaches
  7 hobgoblins
  2 jackals (D:1)
  3 quokkas
  A ball python skeleton (D:4)
  6 bats
  4 frilled lizards
  5 goblins
  A jackal zombie (D:5)
  9 kobolds
  2 leopard gecko zombies (D:5)
  An orc skeleton (D:4)
  6 rats
160 creatures vanquished.

Notes
Turn   | Place    | Note
-------+----------+-------------------------------------------
     0 | D:1      | KleinerIrrer the Draconian Transmuter began the quest for the Orb.
     0 | D:1      | Reached XP level 1. HP: 16/16 MP: 3/3
     0 | D:1      | 0 ||| counter = 23
     2 | D:1      | 2 ||| CASTING Beastly Appendage
    53 | D:1      | 53 ||| Wielding weapon short sword.
   126 | D:1      | 126 ||| CASTING Beastly Appendage
   192 | D:1      | 192 ||| CASTING Beastly Appendage
   214 | D:1      | 214 ||| CASTING Beastly Appendage
   245 | D:1      | 245 ||| CASTING Beastly Appendage
   282 | D:1      | 282 ||| CASTING Beastly Appendage
   285 | D:1      | 285 ||| Stepping ~*~*~tactically~*~*~ (outnumbered).
   289 | D:1      | 289 ||| Stepping ~*~*~tactically~*~*~ (outnumbered).
   291 | D:1      | 291 ||| Stepping ~*~*~tactically~*~*~ (outnumbered).
   292 | D:1      | Reached XP level 2. HP: 23/25 MP: 3/5
   297 | D:1      | 297 ||| CASTING Beastly Appendage
   360 | D:1      | 360 ||| CASTING Beastly Appendage
   427 | D:1      | 427 ||| CASTING Beastly Appendage
   439 | D:1      | 439 ||| CASTING Beastly Appendage
   491 | D:1      | 491 ||| CASTING Beastly Appendage
   518 | D:1      | 518 ||| CASTING Beastly Appendage
   566 | D:1      | 566 ||| CASTING Beastly Appendage
   571 | D:1      | Reached skill level 3 in Fighting
   584 | D:1      | 584 ||| CASTING Beastly Appendage
   599 | D:1      | 599 ||| CASTING Beastly Appendage
   619 | D:1      | 619 ||| CASTING Beastly Appendage
   639 | D:1      | 639 ||| CASTING Beastly Appendage
   714 | D:1      | 714 ||| CASTING Beastly Appendage
   859 | D:1      | 859 ||| CASTING Beastly Appendage
   967 | D:1      | 967 ||| CASTING Beastly Appendage
  1047 | D:1      | 1047 ||| CASTING Beastly Appendage
  1053 | D:1      | Reached XP level 3. HP: 31/31 MP: 4/6
  1236 | D:1      | 1236 ||| READING 2 scrolls labeled GAEG YTIXI.
  1237 | D:1      | 1237 ||| READING 2 scrolls labeled RIODABUHYXT.
  1238 | D:1      | 1238 ||| READING scroll labeled BEOLET EH SUGU.
  1239 | D:1      | 1239 ||| READING scroll labeled VUYSMI QUXUITT.
  1240 | D:1      | 1240 ||| DRINKING 3 black potions.
  1241 | D:1      | 1241 ||| DROPPING 12 arrows.
  1242 | D:1      | 1242 ||| DROPPING scroll of blinking.
  1275 | D:2      | 1275 ||| CASTING Beastly Appendage
  1288 | D:2      | 1288 ||| STAIRDANCE
  1290 | D:1      | 1290 ||| READING scroll labeled GEAKUS MOKEUDI.
  1298 | D:2      | 1298 ||| CASTING Beastly Appendage
  1303 | D:2      | HP: 6/31 [gnoll/halberd (13)]
  1304 | D:2      | 1304 ||| DRINKING 2 potions of heal wounds.
  1465 | D:2      | 1465 ||| CASTING Beastly Appendage
  1531 | D:2      | 1531 ||| CASTING Beastly Appendage
  1542 | D:2      | 1542 ||| CASTING Beastly Appendage
  1551 | D:2      | 1551 ||| STAIRDANCE
  1553 | D:1      | 1553 ||| UPGRADING to knobbly diamond ring.
  1554 | D:1      | 1554 ||| READING scroll labeled NUIFYBBAESUA.
  1555 | D:1      | 1555 ||| DRINKING 2 red potions.
  1556 | D:1      | 1556 ||| READING 2 scrolls of identify.
  1556 | D:1      | 1556 ||| IDENTIFYING white potion
  1557 | D:1      | 1557 ||| DROPPING potion of agility.
  1558 | D:1      | 1558 ||| DROPPING 30 arrows.
  1561 | D:2      | 1561 ||| CASTING Beastly Appendage
  1563 | D:2      | 1563 ||| STAIRDANCE
  1602 | D:2      | 1602 ||| CASTING Beastly Appendage
  1725 | D:2      | Found a shadowy altar of Dithmenos.
  1749 | D:2      | Found a shattered altar of Ashenzari.
  1846 | D:2      | 1846 ||| CASTING Beastly Appendage
  1906 | D:2      | 1906 ||| CASTING Beastly Appendage
  1921 | D:2      | 1921 ||| CASTING Beastly Appendage
  1934 | D:2      | 1934 ||| CASTING Beastly Appendage
  1951 | D:2      | 1951 ||| CASTING Beastly Appendage
  1963 | D:2      | Reached XP level 4. HP: 12/41 MP: 7/7
  2220 | D:2      | 2220 ||| EATING 5 rations.
  2312 | D:2      | 2312 ||| UPGRADING to pair of gloves.
  2355 | D:3      | 2355 ||| CASTING Beastly Appendage
  2360 | D:3      | 2360 ||| STAIRDANCE
  2373 | D:3      | 2373 ||| CASTING Beastly Appendage
  2375 | D:3      | 2375 ||| STAIRDANCE
  2416 | D:3      | 2416 ||| CASTING Beastly Appendage
  2420 | D:3      | 2420 ||| STAIRDANCE
  2435 | D:3      | 2435 ||| CASTING Beastly Appendage
  2437 | D:3      | 2437 ||| STAIRDANCE
  2485 | D:3      | 2485 ||| CASTING Beastly Appendage
  2571 | D:3      | 2571 ||| CASTING Beastly Appendage
  2619 | D:3      | 2619 ||| CASTING Beastly Appendage
  2634 | D:3      | 2634 ||| CASTING Beastly Appendage
  2647 | D:3      | 2647 ||| CASTING Beastly Appendage
  2662 | D:3      | 2662 ||| CASTING Beastly Appendage
  2675 | D:3      | 2675 ||| STAIRDANCE
  2677 | D:2      | 2677 ||| UPGRADING to pair of runed gloves.
  2687 | D:2      | 2687 ||| DROPPING +0 pair of gloves.
  2688 | D:2      | 2688 ||| DROPPING 27 arrows.
  2691 | D:3      | 2691 ||| CASTING Beastly Appendage
  2706 | D:3      | 2706 ||| STAIRDANCE
  2778 | D:3      | 2778 ||| CASTING Beastly Appendage
  2795 | D:3      | 2795 ||| SWAPPING to hand axe.
  2796 | D:3      | 2796 ||| DROPPING +0 short sword.
  2802 | D:3      | 2802 ||| CASTING Beastly Appendage
  2804 | D:3      | 2804 ||| STAIRDANCE
  2832 | D:2      | 2832 ||| UPGRADING to uncursed club.
  2833 | D:2      | 2833 ||| SWAPPING to +0 hand axe.
  2834 | D:2      | 2834 ||| READING scroll labeled PIHUSHRI FEJI.
  2857 | D:3      | 2857 ||| STAIRDANCE
  2921 | D:3      | 2921 ||| UPGRADING to mace.
  2922 | D:3      | 2922 ||| SWAPPING to +0 hand axe.
  2923 | D:3      | 2923 ||| DROPPING +0 club.
  2932 | D:3      | 2932 ||| CASTING Beastly Appendage
  2940 | D:3      | Reached skill level 1 in Axes
  3008 | D:3      | Noticed Grinder
  3008 | D:3      | Paralysed by Grinder for 3 turns
  3016 | D:3      | Paralysed by Grinder for 3 turns
  3019 | D:3      | 3019 ||| CASTING Beastly Appendage
  3030 | D:3      | Killed Grinder
  3030 | D:3      | Reached skill level 4 in Axes
  3030 | D:3      | Reached XP level 5. HP: 13/47 MP: 8/8
  3030 | D:3      | Reached XP level 6. HP: 15/53 MP: 9/9
  3294 | D:3      | 3294 ||| CASTING Beastly Appendage
  3390 | D:3      | 3390 ||| CASTING Beastly Appendage
  3471 | D:3      | 3471 ||| CASTING Beastly Appendage
  3486 | D:3      | 3486 ||| CASTING Beastly Appendage
  3488 | D:3      | 3488 ||| STAIRDANCE
  3545 | D:3      | 3545 ||| CASTING Beastly Appendage
  3825 | D:4      | 3825 ||| STAIRDANCE
  3836 | D:3      | 3836 ||| STAIRDANCE
  3895 | D:4      | 3895 ||| STAIRDANCE
  3917 | D:4      | Noticed BrokenGlass's ghost (amateur OpMo)
  3920 | D:4      | 3920 ||| CASTING Beastly Appendage
  3922 | D:4      | 3922 ||| STAIRDANCE
  3943 | D:4      | 3943 ||| STAIRDANCE
  3994 | D:4      | 3994 ||| STAIRDANCE
  4051 | D:4      | 4051 ||| STAIRDANCE
  4113 | D:4      | 4113 ||| STAIRDANCE
  4159 | D:4      | 4159 ||| STAIRDANCE
  4256 | D:4      | 4256 ||| STAIRDANCE
  4304 | D:4      | 4304 ||| STAIRDANCE
  4360 | D:3      | 4360 ||| EATING 7 rations.
  4365 | D:4      | 4365 ||| DROPPING +0 mace.
  4366 | D:4      | 4366 ||| UPGRADING to mace of protection.
  4367 | D:4      | 4367 ||| SWAPPING to +0 hand axe.
  4503 | D:4      | 4503 ||| CASTING Beastly Appendage
  4617 | D:4      | 4617 ||| CASTING Beastly Appendage
  4697 | D:4      | Killed BrokenGlass's ghost
  4697 | D:4      | Reached skill level 5 in Axes
  4728 | D:4      | 4728 ||| STAIRDANCE
  4822 | D:3      | 4822 ||| READING 2 scrolls of identify.
  4822 | D:3      | 4822 ||| IDENTIFYING dark potion
  4823 | D:3      | 4823 ||| DROPPING potion of lignification.
  4829 | D:4      | 4829 ||| STAIRDANCE
  4915 | D:4      | Found a sacrificial altar of Ru.
  4915 | D:4      | Found an ornate altar of the Wu Jian Council.
  4916 | D:4      | Found a hide-covered altar of Uskayaw.
  4942 | D:4      | 4942 ||| CASTING Beastly Appendage
  5002 | D:4      | Found an opulent altar of Gozag.
  5061 | D:4      | 5061 ||| CASTING Beastly Appendage
  5070 | D:4      | 5070 ||| CASTING Beastly Appendage
  5080 | D:4      | 5080 ||| STAIRDANCE
  5084 | D:3      | 5084 ||| UPGRADING to glowing hat.
  5089 | D:3      | 5089 ||| DROPPING 13 arrows.
  5095 | D:4      | 5095 ||| CASTING Beastly Appendage
  5097 | D:4      | 5097 ||| STAIRDANCE
  5123 | D:4      | 5123 ||| STAIRDANCE
  5176 | D:4      | Found a deep blue altar of Sif Muna.
  5538 | D:4      | Your scales start taking on a rich purple colour.
  5538 | D:4      | Reached XP level 7. HP: 34/60 MP: 10/10
  5591 | D:4      | 5591 ||| STAIRDANCE
  5663 | D:3      | 5663 ||| EATING 7 rations.
  5669 | D:4      | 5669 ||| CASTING Beastly Appendage
  5673 | D:4      | 5673 ||| STAIRDANCE
  5692 | D:4      | Reached skill level 6 in Axes
  5754 | D:4      | 5754 ||| SWAPPING to hand axe of flaming.
  5759 | D:4      | 5759 ||| DROPPING +0 mace of protection.
  5760 | D:4      | 5760 ||| DROPPING +0 hand axe.
  5781 | D:4      | Found Nocrik Letei's Weapon Boutique.
  5795 | D:4      | HP: 11/60 [orc priest/divine providence (11)]
  5796 | D:4      | 5796 ||| DRINKING potion of heal wounds.
  5862 | D:4      | 5862 ||| STAIRDANCE
  6020 | D:4      | 6020 ||| STAIRDANCE
  6087 | D:4      | Found a shimmering altar of Xom.
  6117 | D:4      | 6117 ||| CASTING Beastly Appendage
  6133 | D:4      | 6133 ||| CASTING Beastly Appendage
  6139 | D:4      | 6139 ||| STAIRDANCE
  6288 | D:4      | 6288 ||| CASTING Beastly Appendage
  6304 | D:4      | 6304 ||| CASTING Beastly Appendage
  6316 | D:4      | 6316 ||| CASTING Beastly Appendage
  6335 | D:4      | 6335 ||| CASTING Beastly Appendage
  6357 | D:4      | 6357 ||| CASTING Beastly Appendage
  6458 | D:4      | 6458 ||| CASTING Beastly Appendage
  6476 | D:4      | 6476 ||| CASTING Beastly Appendage
  6493 | D:4      | 6493 ||| CASTING Beastly Appendage
  6621 | D:4      | 6621 ||| CASTING Beastly Appendage
  6642 | D:4      | 6642 ||| CASTING Beastly Appendage
  6659 | D:4      | 6659 ||| CASTING Beastly Appendage
  6675 | D:4      | 6675 ||| CASTING Beastly Appendage
  6683 | D:4      | 6683 ||| CASTING Beastly Appendage
  6684 | D:4      | 6684 ||| CASTING Beastly Appendage
  6694 | D:4      | Reached skill level 7 in Axes
  6701 | D:4      | 6701 ||| EATING 6 rations.
  6766 | D:5      | Entered Level 5 of the Dungeon
  6788 | D:5      | 6788 ||| CASTING Beastly Appendage
  6811 | D:5      | 6811 ||| CASTING Beastly Appendage
  6826 | D:5      | 6826 ||| CASTING Beastly Appendage
  6834 | D:5      | 6834 ||| STAIRDANCE
  6952 | D:5      | 6952 ||| CASTING Beastly Appendage
  6981 | D:5      | 6981 ||| CASTING Beastly Appendage
  7025 | D:5      | 7025 ||| CASTING Beastly Appendage
  7033 | D:5      | 7033 ||| CASTING Beastly Appendage
  7046 | D:5      | 7046 ||| CASTING Beastly Appendage
  7147 | D:5      | 7147 ||| CASTING Beastly Appendage
  7282 | D:5      | Found a hazy altar of Hepliaklqana.
  7387 | D:5      | 7387 ||| CASTING Beastly Appendage
  7430 | D:5      | Reached skill level 8 in Axes
  7430 | D:5      | Reached XP level 8. HP: 64/67 MP: 11/11
  7502 | D:5      | 7502 ||| CASTING Beastly Appendage
  7787 | D:5      | 7787 ||| CASTING Beastly Appendage
  7970 | D:5      | 7970 ||| READING 2 scrolls of identify.
  7970 | D:5      | 7970 ||| IDENTIFYING bubbling purple potion
  7972 | D:5      | 7972 ||| DROPPING potion of flight.
  7973 | D:5      | 7973 ||| DROPPING 29 arrows.
  7980 | D:6      | 7980 ||| CASTING Beastly Appendage
  7981 | D:6      | 7981 ||| STAIRDANCE
  8001 | D:6      | 8001 ||| CASTING Beastly Appendage
  8023 | D:6      | Found an iron altar of Okawaru.
  8055 | D:6      | 8055 ||| STAIRDANCE
  8232 | D:6      | Reached skill level 9 in Axes
  8233 | D:6      | 8233 ||| STAIRDANCE
  8314 | D:5      | 8314 ||| READING 2 scrolls of identify.
  8314 | D:5      | 8314 ||| IDENTIFYING fuming yellow potion
  8315 | D:5      | 8315 ||| DROPPING potion of magic.
  8341 | D:6      | 8341 ||| CASTING Beastly Appendage
  8342 | D:6      | 8342 ||| CASTING Beastly Appendage
  8397 | D:6      | 8397 ||| CASTING Beastly Appendage
  8448 | D:6      | 8448 ||| CASTING Beastly Appendage
  8471 | D:6      | 8471 ||| CASTING Beastly Appendage
  8472 | D:6      | 8472 ||| CASTING Beastly Appendage
  8495 | D:6      | Noticed Menkaure
  8505 | D:6      | Killed Menkaure
  8505 | D:6      | Reached skill level 6 in Fighting
  8727 | D:6      | 8727 ||| CASTING Beastly Appendage
  8758 | D:6      | 8758 ||| CASTING Beastly Appendage
  8828 | D:6      | 8828 ||| CASTING Beastly Appendage
  8839 | D:6      | 8839 ||| CASTING Beastly Appendage
  8853 | D:6      | 8853 ||| CASTING Beastly Appendage
  8863 | D:6      | 8863 ||| STAIRDANCE
  8931 | D:6      | 8931 ||| CASTING Beastly Appendage
  8951 | D:6      | 8951 ||| CASTING Beastly Appendage
  8959 | D:6      | 8959 ||| STAIRDANCE
  8972 | D:6      | 8972 ||| STAIRDANCE
  9039 | D:6      | 9039 ||| CASTING Beastly Appendage
  9047 | D:6      | 9047 ||| STAIRDANCE
  9070 | D:6      | 9070 ||| CASTING Beastly Appendage
  9120 | D:6      | 9120 ||| CASTING Beastly Appendage
  9134 | D:6      | 9134 ||| STAIRDANCE
  9136 | D:5      | 9136 ||| DROPPING 8 arrows.
  9148 | D:6      | 9148 ||| STAIRDANCE
  9334 | D:6      | 9334 ||| CASTING Beastly Appendage
  9348 | D:6      | Reached skill level 10 in Axes
  9352 | D:6      | Reached XP level 9. HP: 63/75 MP: 12/12
  9360 | D:6      | 9360 ||| CASTING Beastly Appendage
  9461 | D:6      | Found a staircase to the Ecumenical Temple.
  9470 | Temple   | Entered the Ecumenical Temple
  9471 | Temple   | 9471 ||| Entered T.
  9503 | Temple   | Became a worshipper of Cheibriados the Contemplative
  9865 | D:6      | 9865 ||| EATING 10 rations.
  9916 | D:6      | Reached skill level 3 in Dodging
  9949 | D:6      | 9949 ||| CASTING Beastly Appendage
  9964 | D:6      | 9964 ||| CASTING Beastly Appendage
 10113 | D:6      | 10113 ||| UPGRADING to shield.
 10118 | D:6      | 10118 ||| UPGRADING to twisted tourmaline ring.
 10119 | D:6      | 10119 ||| READING 3 scrolls of identify.
 10119 | D:6      | 10119 ||| IDENTIFYING fuming orange potion
 10120 | D:6      | 10120 ||| READING 2 scrolls of identify.
 10120 | D:6      | 10120 ||| IDENTIFYING brown potion
 10309 | D:7      | Reached skill level 3 in Shields
 10475 | D:7      | Found a glowing silver altar of Zin.
 10476 | D:7      | Found a white marble altar of Elyvilon.
 10481 | D:7      | Found a glowing golden altar of the Shining One.
 10644 | D:7      | Reached * piety under Cheibriados
 11133 | D:7      | HP: 18/79 [yak (8)]
 11134 | D:7      | Reached skill level 6 in Shields
 11135 | D:7      | HP: 7/79 [hog (9)]
 11138 | D:7      | Slain by a hog

Vault maps used:
D:1:      dpeg_arrival_chambers_temple_mockup, serial_bayou,
          serial_bayou_ford_a, serial_bayou_lagoon_a, serial_bayou_pond_e,
          serial_bayou_lagoon_b, serial_bayou_pond_d, serial_bayou_pond_e
D:2:      grunt_dithmenos_smoke_and_mirrors, nicolae_ashenzari_panopticon,
          minmay_pentomino_z4
D:3:      first_ration, minmay_item_behind_shaft, hangedman_decor_slide_cut,
          uniq_grinder
D:4:      marbit_many_paths, grunt_temple_overflow_cloverleaf, serial_shops,
          shop, nicolae_ossuary_entry_catacombs, grunt_gozag_statues
D:5:      old_standard_altar, serial_undead, serial_undead_a, serial_undead_c,
          serial_undead_f, serial_undead_d, serial_undead_d
D:6:      cheibrodos_thug_alley, okawaru_trees_2, minmay_temple_entry_poolview,
          uniq_menkaure
D:7:      good_gods_mini_temple, grunt_livestock
Temple:   jpeg_temple_island

Skill      XL: |  1  2  3  4  5  6  7  8  9 |
---------------+----------------------------+-----
Fighting       | 2 3 4 6 7 |  7.0
Axes           | 4 5 8 10 | 10.0
Dodging        | 2 3 |  3.2
Shields        | 6 |  6.1
Unarmed Combat | |  3.0
Spellcasting   | |  2.4
Transmutations | |  2.0

Action                   |  1- 3 |  4- 6 |  7- 9 || total
-------------------------+-------+-------+-------++-------
Melee: Short sword       |    98 |    29 |       ||   127
       Unarmed           |     9 |       |       ||     9
       Kick              |    10 |     4 |    25 ||    39
       Tailslap          |     8 |    36 |    73 ||   117
       Headbutt          |     8 |     4 |     9 ||    21
       Punch             |     3 |     5 |     4 ||    12
       Hand axe          |       |   225 |   475 ||   700
 Cast: Beastly Appendage |    33 |    25 |    45 ||   103
  Use: Scroll            |     7 |     2 |     4 ||    13
       Potion            |     3 |       |     1 ||     4
  Eat: Chunk             |     4 |     5 |     9 ||    18
       Ration            |       |     2 |     3 ||     5
Armor: Skin              |    31 |    87 |   137 ||   255
Dodge: Dodged            |    64 |   149 |   198 ||   411
Block: Shield            |       |       |    59 ||    59

Table legend:
 A = Spawn XP
 B = Non-spawn XP
 C = Spawn XP percentage of total XP
 D = Spawn monster count
 E = Non-spawn monster count
 F = Spawn count percentage of total count
 G = Total turns spent on level
                    A         B        C        D         E        F      G
               +---------+---------+-------+---------+---------+-------+---------
         Total |       0 |    4823 |   0.0 |       0 |     160 |   0.0 | 11138
               +---------+---------+-------+---------+---------+-------+---------
           D:1 |       0 |      41 |   0.0 |       0 |      24 |   0.0 |  1282
           D:2 |       0 |      60 |   0.0 |       0 |      13 |   0.0 |  1318
           D:3 |       0 |     368 |   0.0 |       0 |      18 |   0.0 |  2115
           D:4 |       0 |     585 |   0.0 |       0 |      25 |   0.0 |  2057
           D:5 |       0 |     636 |   0.0 |       0 |      22 |   0.0 |  1598
           D:6 |       0 |    1611 |   0.0 |       0 |      32 |   0.0 |  1592
           D:7 |       0 |    1522 |   0.0 |       0 |      26 |   0.0 |   982
               +---------+---------+-------+---------+---------+-------+---------
